AoeStats
← Financial Panther

Hideout

509490309Analyzed
1v1 RM · 5d ago on Sep 27, 2026· 43m 30s· 2 players
Game mode
Random Map
Map size
Tiny (2 player)
Population
200
Speed
Normal
Resources
Standard
Victory
Conquest
Starting age
Dark Age
Ending age
Imperial Age
RankedLock teamsTeams togetherTeam positionsShared explorationLock speedFull tech treeHidden civsTurbo modeCheats
Victory
Defeat
🇺🇸 Lithuanians · United States
1375
+15
🇺🇸 Danes · United States
1351
-15
gelgirda
7:09 Loom
9:04 Feudal Age
9:17 Man-at-Arms
10:36 Loom
12:35 Arson
14:22 Fletching
25:50 Castle Age
25:01 Scale Mail Armor
25:22 Forging
25:50 Horse Collar
26:09 Double-Bit Axe
26:20 Long Swordsman
27:16 Gambesons
27:55 Squires
36:49 Chain Mail Armor
Financial Panther
9:55 Feudal Age
11:40 Loom
11:54 Fletching
12:02 Double-Bit Axe
12:03 Horse Collar
19:12 Castle Age
23:01 Wheelbarrow
22:24 Town Watch
24:03 Bloodlines
28:09 Scale Barding Armor
30:31 Chain Barding Armor
32:40 Gold Mining
33:14 Stone Mining
34:04 Forging
34:55 Heavy Plow
35:06 Bow Saw
35:42 Bow Saw
35:44 Husbandry
40:35 Imperial Age
38:44 Iron Casting
39:49 Hand Cart
40:54 Bodkin Arrow
41:25 Padded Archer Armor
41:03 Cavalier
41:04 Light Cavalry
42:33 Plate Barding Armor
43:59 Conscription
43:56 Bracer
Connection lost

Rejoining the realm…

Still unreachable

The connection could not be restored.

Session expired

The server has moved on; the page needs a fresh start.